 Dungeon Crawl Stone Soup version 0.30-a0-12-gd8047c6341 (webtiles) character file.

Game seed: 6426426792319646432

12690 SensoryNuts the Severer (level 11, 0/94 HPs)
             Began as a Minotaur Fighter on Aug 24, 2022.
             Slain by an 11-headed hydra (13 damage)
             ... on level 1 of the Lair of Beasts.
             The game lasted 00:16:14 (12971 turns).

SensoryNuts the Severer (Minotaur Fighter)         Turns: 12971, Time: 00:16:16

Health: 0/94       AC: 20    Str: 32    XL:     11   Next: 65%
Magic:  10/10      EV: 11    Int:  5    God:
Gold:   499        SH:  6    Dex: 15    Spells: 10/10 levels left

rFire   x . .      SeeInvis .    a - +2 war axe (protect)
rCold   + + +      Faith    .    c - +0 buckler
rNeg    . . .      Spirit   .    p - +1 ice dragon scales
rPois   .          Reflect  .    (helmet restricted)
rElec   +          Harm     .    u - +4 cloak "Lushrim" {rElec rC+ Will+}
rCorr   .          Rampage  .    (no gloves)
Will    +....                    s - +0 pair of boots
Stlth   ..........               E - amulet of regeneration
HPRegen 1.05/turn                m - +6 ring of strength
MPRegen 0.12/turn                q - +6 ring of strength

@: no status effects
A: horns 2, retaliatory headbutt
a: no special abilities


You were on level 1 of the Lair of Beasts.
You visited 3 branches of the dungeon, and saw 14 of its levels.

You collected 786 gold pieces.
You spent 287 gold pieces at shops.

Inventory:

Hand Weapons
 a - a +2 war axe of protection (weapon)
Armour
 c - a +0 buckler (worn)
 p - +1 ice dragon scales (worn)
 s - a +0 pair of boots (worn)
 u - the +4 cloak "Lushrim" (worn) {rElec rC+ Will+}
   (You bought it in a shop on level 8 of the Dungeon)

   rC:        It protects you from cold.
   rElec:     It insulates you from electricity.
   Will:      It increases your willpower.
 D - +0 steam dragon scales
Jewellery
 b - a ring of poison resistance
 m - a +6 ring of strength (left hand)
 q - a +6 ring of strength (right hand)
 B - a +6 ring of dexterity
 E - an amulet of regeneration (around neck)
 G - a ring of fire
 H - a ring of resist corrosion
 I - a ring of wizardry
Wands
 h - a wand of polymorph (3)
 j - a wand of paralysis (17)
 n - a wand of quicksilver (8)
 x - a wand of iceblast (4) (quivered)
 F - a wand of flame (12)
 J - a wand of mindburst (8)
Scrolls
 e - a scroll of immolation
 t - 2 scrolls of teleportation
 w - 2 scrolls of amnesia
 y - a scroll of magic mapping
 A - 3 scrolls of torment
 C - 7 scrolls of noise
Potions
 f - 7 potions of curing
 g - 2 potions of resistance
 k - 3 potions of lignification
 l - 2 potions of flight
 o - 3 potions of magic
 r - a potion of cancellation
 v - a potion of ambrosia
 z - 2 potions of mutation


   Skills:
 + Level 7.9 Fighting
 * Level 16.0 Axes
 + Level 9.3 Armour
 + Level 3.8 Dodging
 + Level 1.8 Stealth
 + Level 6.5 Shields
 * Level 6.2 Evocations


You had 10 spell levels left.
You didn't know any spells.
Your spell library contained the following spells:

 Spells                   Type           Power      Damage    Failure   Level
 Beastly Appendage        Tmut           0%         N/A       80%         1
 Magic Dart               Conj           0%         1d3       80%         1
 Summon Small Mammal      Summ           0%         N/A       80%         1
 Call Imp                 Summ           0%         N/A       90%         2
 Poisonous Vapours        Pois/Air       0%         N/A       90%         2
 Sublimation of Blood     Necr           0%         N/A       90%         2
 Wereblood                Tmut           0%         N/A       90%         2
 Call Canine Familiar     Summ           0%         N/A       99%         3
 Gell's Gravitas          Tloc           0%         N/A       99%         3
 Ignite Poison            Fire/Tmut/Pois 0%         N/A       99%         3
 Mephitic Cloud           Conj/Pois/Air  0%         N/A       99%         3
 Ozocubu's Armour         Ice            0%         N/A       99%         3
 Summon Guardian Golem    Hex/Summ       0%         N/A       99%         3
 Teleport Other           Tloc           0%         N/A       99%         3
 Olgreb's Toxic Radiance  Pois           0%         N/A       100%        4
 Petrify                  Tmut/Erth      0%         N/A       100%        4
 Alistair's Intoxication  Tmut/Pois      0%         N/A       100%        5
 Irradiate                Conj/Tmut      0%         3d11      100%        5
 Dispersal                Tloc           0%         N/A       100%        6
 Ozocubu's Refrigeration  Ice            0%         4d7       100%        7
 Summon Hydra             Summ           0%         N/A       100%        7


Dungeon Overview and Level Annotations

Branches:
Dungeon (11/15)            Temple (1/1) D:5            Lair (2/5) D:10
  Swamp: Lair:2-3    Shoals: Lair:2-3     Snake: Lair:2-3    Spider: Lair:2-3
    Orc: D:9-12

Altars:
Ashenzari
Cheibriados
Dithmenos
Elyvilon
Fedhas
Gozag
Hepliaklqana
Kikubaaqudgha
Makhleb
Nemelex Xobeh
Okawaru
Qazlal
Ru
Sif Muna
Trog
Uskayaw
Vehumet
Wu Jian
Xom
Yredelemnul
Zin
The Shining One

Shops:
D:8 !:(?*   D:9 ?

Annotations:
D:11 Fannar


Innate Abilities, Weirdness & Mutations

You have a pair of horns on your head.
You reflexively headbutt those who attack you in melee.


Message History

The 11-headed hydra closely misses you.
A black mamba comes into view.
The black mamba hisses angrily.
The 11-headed hydra barely misses you. You furiously retaliate!
You headbutt the 11-headed hydra. The 11-headed hydra bites you.
You block the 11-headed hydra's attack. The 11-headed hydra barely misses you.
You block the 11-headed hydra's attack. x2; The 11-headed hydra bites you. x2
The 11-headed hydra bites you! The 11-headed hydra closely misses you.
The 11-headed hydra bites you but does no damage.
You climb upwards.
There is a stone staircase leading down here.
You feel much better. The 11-headed hydra closely misses you.
You furiously retaliate!
You headbutt the 11-headed hydra!
The 11-headed hydra bites you but does no damage.
The 11-headed hydra bites you!
The 11-headed hydra bites you but does no damage. x2
The 11-headed hydra bites you!
* * * LOW HITPOINT WARNING * * *
The 11-headed hydra bites you but does no damage. x2
The 11-headed hydra barely misses you.
The 11-headed hydra bites you but does no damage.
The 11-headed hydra bites you.
* * * LOW HITPOINT WARNING * * *
Unknown command.
Okay, then.
Okay, then.
As you read the scroll of butterflies, it crumbles to dust.
You hear the tinkle of a tiny bell.
The 11-headed hydra bites you but does no damage. x2
The 11-headed hydra bites you.
* * * LOW HITPOINT WARNING * * *
The 11-headed hydra misses you.
The 11-headed hydra completely misses you.
The 11-headed hydra bites you but does no damage.
The 11-headed hydra completely misses you.
The 11-headed hydra bites you!
* * * LOW HITPOINT WARNING * * *
The 11-headed hydra bites you but does no damage.
The 11-headed hydra bites you!
You die...

..............## ##.##.#....#..
.#............P# #.#.......+..
####.#######..## ##............
#.# #..# #............. # #.#
##..## ##.+.......#.. ####.###
#....# #..#.......#..
.....#.####...#######..#.######..
...........(..bP##b##............
....>.........bb@bb..............
####..#######.#D#################
#### ##### #


You could see a 11-headed hydra (ally target).

Vanquished Creatures
  A two-headed ogre (D:10)
  3 death yaks (Lair:1)
  A cyclops (D:10)
  A black mamba (Lair:1)
  A cane toad (Lair:1)
  2 hornets (D:10)
  4 blink frogs (Lair:1)
  3 wyverns
  24 yaks
  A shadow (D:10)
  4 steam dragons
  An acid dragon (D:7)
  3 water moccasins
  2 black bears (D:6)
  2 ice beasts
  An orc warrior (D:9)
  3 sky beasts
  3 centaurs
  2 phantoms (D:4)
  3 bullfrogs
  A kobold brigand (D:11)
  A necrophage (D:7)
  A scorpion (D:7)
  5 wights (D:6)
  2 howler monkeys
  An electric eel (Lair:1)
  A jelly (D:6)
  2 hounds
  2 orc priests
  5 iguanas
  6 orc wizards
  13 adders
  4 white imps
  An ufetubus (D:4)
  4 worms
  3 dart slugs (D:1)
  29 orcs
  4 ball pythons
  A bat (D:1)
  5 endoplasms
  3 giant cockroaches
  7 goblins
  8 hobgoblins
  5 jackals (D:2)
  3 quokkas
  2 frilled lizards (D:2)
  9 kobolds
  8 rats
201 creatures vanquished.

Vanquished Creatures (collateral kills)
  5 yaks (D:8)
  A white imp (D:8)
6 creatures vanquished.

Vanquished Creatures (others)
  A howler monkey (D:9)
  A fungus (Lair:1)
  8 plants (Lair:1)
10 creatures vanquished.

Grand Total: 217 creatures vanquished

Notes
Turn   | Place    | Note
-------+----------+-------------------------------------------
     0 | D:1      | SensoryNuts the Minotaur Fighter began the quest for the
                  | Orb.
     0 | D:1      | Reached XP level 1. HP: 19/19 MP: 0/0
    52 | D:1      | You fall into a shaft and drop 1 floor!
   158 | D:2      | Reached XP level 2. HP: 27/27 MP: 1/1
   167 | D:2      | Reached skill level 3 in Axes
   708 | D:2      | Found a broken altar of Ashenzari.
   713 | D:2      | Reached XP level 3. HP: 33/33 MP: 2/2
  1208 | D:1      | Reached skill level 4 in Axes
  1618 | D:1      | Found a faded altar of an unknown god.
  1621 | D:1      | Reached XP level 4. HP: 40/40 MP: 3/3
  1633 | D:1      | Got Plato's Directory of Variation
  3031 | D:4      | Reached skill level 5 in Axes
  3035 | D:4      | Reached XP level 5. HP: 39/46 MP: 4/4
  3387 | D:4      | Reached skill level 1 in Evocations
  3405 | D:4      | Noticed a phantom
  3419 | D:4      | Killed a phantom
  3566 | D:4      | Noticed a phantom
  3572 | D:4      | Killed a phantom
  3573 | D:4      | Reached skill level 6 in Axes
  3573 | D:4      | Reached XP level 6. HP: 45/53 MP: 5/5
  3947 | D:5      | Entered Level 5 of the Dungeon
  3976 | D:5      | Noticed a yak
  3981 | D:5      | Killed a yak
  4199 | D:5      | Found an ornate altar of the Wu Jian Council.
  4225 | D:5      | Reached skill level 7 in Axes
  4320 | D:5      | Reached XP level 7. HP: 59/60 MP: 6/6
  4393 | D:5      | Reached skill level 5 in Armour
  4560 | D:5      | Found an opulent altar of Gozag.
  4586 | D:5      | Found a staircase to the Ecumenical Temple.
  4652 | Temple   | Entered the Ecumenical Temple
  5333 | D:6      | Reached skill level 8 in Axes
  5353 | D:6      | Reached XP level 8. HP: 43/67 MP: 7/7
  5694 | D:6      | Reached skill level 1 in Dodging
  5708 | D:6      | Reached skill level 9 in Axes
  5780 | D:6      | Reached skill level 1 in Stealth
  5912 | D:6      | Reached skill level 5 in Fighting
  6309 | D:7      | Reached skill level 10 in Axes
  6543 | D:7      | Found a white marble altar of Elyvilon.
  7106 | D:7      | Reached XP level 9. HP: 72/74 MP: 8/8
  7449 | D:8      | Reached skill level 11 in Axes
  7557 | D:8      | Found Feeto's Magic Scroll Shop.
  7564 | D:8      | Reached skill level 5 in Shields
  7772 | D:8      | Found Uxiqe's Antique Weapon Boutique.
  7888 | D:8      | Found Loamiuc's Assorted Antiques.
  7894 | D:8      | Bought a fading cloak for 237 gold pieces
  7894 | D:8      | Identified the +4 cloak "Lushrim" {rElec rC+ Will+} (You
                  | bought it in a shop on level 8 of the Dungeon)
  7894 | D:8      | Bought a scroll labelled ATZOPLAASE for 25 gold pieces
  7894 | D:8      | Bought a scroll labelled ATZOPLAASE for 25 gold pieces
  8040 | D:8      | Found Emur's Book Boutique.
  8300 | D:8      | Found Ulicruir's Distillery.
  8872 | D:9      | Reached skill level 12 in Axes
  8882 | D:9      | Reached XP level 10. HP: 67/83 MP: 9/9
  9253 | D:9      | Reached skill level 13 in Axes
  9555 | D:9      | Found a snail-covered altar of Cheibriados.
 10070 | D:9      | Found Keikhluid's Magic Scroll Boutique.
 10241 | D:10     | Entered Level 10 of the Dungeon
 10382 | D:10     | Got the Omnibus of Contamination
 10424 | D:10     | Identified the +6 rapier "Ammiaqe" {speed, *Corrode Str+4
                  | Int+2}
 10435 | D:10     | Found a staircase to the Lair.
 10679 | D:10     | Noticed a cyclops
 10694 | D:10     | Killed a cyclops
 10695 | D:10     | Reached skill level 14 in Axes
 10695 | D:10     | Reached skill level 5 in Evocations
 10849 | D:10     | Noticed a two-headed ogre
 10859 | D:10     | Killed a two-headed ogre
 11590 | D:10     | Reached XP level 11. HP: 75/91 MP: 10/10
 11592 | D:10     | Paralysed by a hornet for 3 turns
 11720 | D:11     | Noticed Fannar
 11785 | Lair:1   | Entered Level 1 of the Lair of Beasts
 11792 | Lair:1   | Identified the +3 flail of Slow Death {flame, MP+9}
 11804 | Lair:1   | Reached skill level 15 in Axes
 12020 | Lair:1   | Noticed a death yak
 12021 | Lair:1   | Noticed a death yak
 12023 | Lair:1   | Noticed a death yak
 12036 | Lair:1   | Killed a death yak
 12399 | Lair:1   | Killed a death yak
 12408 | Lair:1   | Killed a death yak
 12409 | Lair:1   | Reached skill level 16 in Axes
 12790 | Lair:2   | Noticed an eight-headed hydra
 12971 | Lair:1   | Slain by an 11-headed hydra

Illustrated notes

Levels and vault maps discovered:
D:1:      minmay_arrival_stone_box, layout_basic,
          shapermc_ecumenical_altar_rom_forum
D:2:      layout_basic, basic_altar
D:3:      layout_basic
D:4:      layout_basic
D:5:      layout_loops_ring, chequers_temple_overflow_statue_of_worship,
          minmay_temple_entry_glassed_door, minmay_between
D:6:      layout_basic
D:7:      layout_layer_cave, elyvilon_altar_4, kennysheep_generic_room_8
D:8:      layout_layer_cave, serial_shops, shop_fountains, shop_scrolls, shop,
          nicolae_shop_trees, shop
D:9:      minmay_angry_zag, layout_irregular_city, lemuel_doored_altar,
          serial_shops, shop_fountains, serial_bayou_crossing
D:10:     layout_irregular_city, lair_entry_dummy, minmay_puff
D:11:     layout_roguey, erik_orc_2, portal_ice_cave_entry_ice_simulacra,
          st_stairs_9, uniq_erica, uniq_urug, uniq_fannar
Temple:   dpeg_three_leaves_temple
Lair:1:   layout_chaotic_city, nicolae_lair_grazing_beasts
          [nicolae_sub_lair_graze_edge, nicolae_sub_lair_graze_edge,
          nicolae_sub_lair_graze_edge, nicolae_sub_lair_graze_edge]
Lair:2:   layout_cave_shapes, palyth_hydra_swamp_entry, beast_lair_carwin_3

Skill      XL: |  1  2  3  4  5  6  7  8  9 10 11 |
---------------+----------------------------------+-----
Axes           | 3 4 5 6 7 8 10 12 14 16 | 16.0
Fighting       | 4 5 6 7 |  7.9
Armour         | 4 5 6 7 8 9 |  9.3
Shields        | 4 5 6 |  6.5
Evocations     | 1 2 3 4 5 6 |  6.2
Dodging        | 1 2 3 |  3.8
Stealth        | 1 |  1.8

Action                   |  1- 3 |  4- 6 |  7- 9 | 10-12 || total
-------------------------+-------+-------+-------+-------++-------
Melee: War axe           |    78 |   106 |   176 |   230 ||   590
       Headbutt          |    13 |     6 |    34 |    58 ||   111
Evoke: Wand              |       |       |       |     2 ||     2
  Use: Scroll            |       |     7 |    11 |    14 ||    32
       Potion            |       |     5 |     4 |     8 ||    17
Armor: Scale mail        |    32 |       |       |       ||    32
       Ice dragon scales |       |    36 |    94 |   151 ||   281
       Skin              |       |       |       |     4 ||     4
       Steam dragon scal |       |       |       |     2 ||     2
Dodge: Dodged            |    31 |    38 |    85 |   141 ||   295
Block: Buckler           |    12 |    23 |    44 |    90 ||   169

Table legend: (Time is in decaauts)
 A = Elapsed time spent in this place.
 B = Non-inter-level travel time spent in this place.
 C = Inter-level travel time spent in this place.
 D = Time resting spent in this place.
 E = Time spent auto-exploring this place.
 F = Levels seen in this place.
 G = Mean time per level.
                   A        B        C        D        E       F      G
               +--------+--------+--------+--------+--------+-----+--------+
         Total |  12988 |  11927 |   1061 |      0 |   9918 |  14 |  927.7 |
       Dungeon |  11726 |  10748 |    978 |      0 |   9063 |  11 | 1066.0 |
        Temple |     95 |     95 |      0 |      0 |     58 |   1 |   95.0 |
          Lair |   1166 |   1083 |     83 |      0 |    797 |   2 |  583.0 |
               +--------+--------+--------+--------+--------+-----+--------+

Top non-repeatable levels by time:
     D:8: 1485 daAuts
    D:10: 1456 daAuts
     D:9: 1391 daAuts
     D:2: 1175 daAuts
     D:7: 1140 daAuts
     D:5: 1123 daAuts
     D:6: 1058 daAuts
     D:4: 990 daAuts
  Lair:1: 973 daAuts
     D:1: 935 daAuts
     D:3: 892 daAuts
  Lair:2: 193 daAuts
  Temple: 95 daAuts
    D:11: 78 daAuts
